[ AOE2 MATCH · #475831069 ]
1v1 RMBulgarians vs Portuguese
Player's team · LOSS
[ REPLAY ANALYSIS · EXTRACTED FROM THE RECORDED GAME ]
Feudal
9:26
Castle
20:53
Imperial
—
| APM avg | 54.6 |
| APM peak | 102 |
| eAPM avg | 26.0 |
| Villagers / military | 49 / 22 |
Focus
⚔️ 53.3% · 🌾 46.7%
Militia ×11 · Monk ×6 · Battering Ram ×3 · Konnik ×1 · Scorpion ×1
Feudal
11:20
Castle
15:10
Imperial
—
| APM avg | 43.7 |
| APM peak | 61 |
| eAPM avg | 23.1 |
| Villagers / military | 101 / 6 |
Focus
⚔️ 22.4% · 🌾 77.6%
Monk ×2 · Mangonel ×2 · Scout Cavalry ×2
Match map
Initial resources + every placement click. Lines = walls · curves = elevation contours. ◆ gold · ⬟ stone · ● berries · ✦ relic · ◌ wall gap
Your base· ✓ Closed at 20:53 · 4t walls · 2 gate(s)
noah!!!!!!!!!!'s base· ✓ Closed at 15:10 · 8t walls · 6 gate(s)
Smoothed initial terrain · ◌ = detected wall gap · hover for details
Inputs per minute
— Javisty - - noah!!!!!!!!!!
Build order — Javisty
130 actions detected in the replay
| 0:00 | Create | Villager (Male) |
| 0:00 | Create | Villager (Male) |
| 0:04 | Build | House |
| 0:05 | Build | House |
| 0:46 | Create | Villager (Male) |
| 0:47 | Create | Villager (Male) |
| 1:24 | Create | Villager (Male) |
| 1:54 | Create | Villager (Male) |
| 1:56 | Build | Lumber Camp |
| 2:26 | Create | Villager (Male) |
| 2:52 | Create | Villager (Male) |
| 2:59 | Create | Villager (Male) |
| 3:35 | Create | Villager (Male) |
| 3:58 | Build | House |
| 4:00 | Build | House |
| 4:03 | Create | Villager (Male) |
| 4:21 | Create | Villager (Male) |
| 4:25 | Create | Villager (Male) |
| 5:04 | Create | Villager (Male) |
| 5:16 | Build | Barracks |
| 5:39 | Create | Villager (Male) |
| 6:17 | Create | Villager (Male) |
| 7:16 | Research | Feudal Age |
| 8:01 | Create | Militia |
| 8:01 | Create | Militia |
| 8:37 | Create | Militia |
| 9:13 | Create | Villager (Male) |
| 9:18 | Build | Mining Camp |
| 9:26 | Age | Feudal Age |
| 9:31 | Build | Watch Tower |
| 9:42 | Create | Villager (Male) |
| 9:51 | Research | Double-Bit Axe |
| 9:54 | Build | House |
| 10:33 | Create | Villager (Male) |
| 10:42 | Build | Mill |
| 10:53 | Create | Villager (Male) |
| 11:20 | Create | Villager (Male) |
| 11:45 | Create | Villager (Male) |
| 12:17 | Create | Villager (Male) |
| 12:39 | Build | House |
| 12:40 | Create | Villager (Male) |
| 12:41 | Create | Villager (Male) |
| 12:45 | Build | Farm |
| 12:48 | Research | Horse Collar |
| 12:50 | Create | Villager (Male) |
| 12:52 | Build | Farm |
| 12:52 | Build | Farm |
| 12:54 | Build | Blacksmith |
| 12:57 | Build | Farm |
| 12:59 | Build | Farm |
| 13:22 | Create | Villager (Male) |
| 13:29 | Build | House |
| 13:34 | Build | Farm |
| 13:56 | Create | Villager (Male) |
| 14:31 | Create | Villager (Male) |
| 14:34 | Research | Fletching |
| 14:37 | Build | Farm |
| 14:55 | Create | Villager (Male) |
| 15:04 | Build | Farm |
| 15:21 | Create | Villager (Male) |
| 15:27 | Build | House |
| 15:32 | Create | Villager (Male) |
| 15:48 | Create | Villager (Male) |
| 15:58 | Build | Mining Camp |
| 16:30 | Create | Villager (Male) |
| 16:36 | Build | Farm |
| 17:00 | Create | Villager (Male) |
| 17:11 | Create | Villager (Male) |
| 17:13 | Build | Market |
| 17:17 | Build | Farm |
| 17:19 | Build | Stable |
| 17:20 | Build | Palisade Wall |
| 17:53 | Build | Palisade Wall |
| 17:55 | Build | Palisade Wall |
| 17:57 | Build | Palisade Wall |
| 18:08 | Build | Lumber Camp |
| 18:13 | Research | Castle Age |
| 18:19 | Build | House |
| 18:28 | Research | Gold Mining |
| 18:55 | Create | Militia |
| 18:56 | Create | Villager (Male) |
| 19:05 | Build | Lumber Camp |
| 19:24 | Create | Militia |
| 19:38 | Research | Loom |
| 20:03 | Create | Villager (Male) |
| 20:21 | Build | House |
| 20:22 | Build | House |
| 20:30 | Build | Farm |
| 20:30 | Build | Farm |
| 20:53 | Age | Castle Age |
| 20:59 | Build | Krepost |
| 21:16 | Build | Monastery |
| 21:46 | Create | Villager (Male) |
| 21:47 | Create | Villager (Male) |
| 22:06 | Create | Monk |
| 22:12 | Build | Siege Workshop |
| 22:14 | Create | Konnik |
| 22:22 | Create | Militia |
| 22:22 | Create | Militia |
| 22:24 | Create | Villager (Male) |
| 22:29 | Research | Forging |
| 22:29 | Research | Scale Mail Armor |
| 22:33 | Research | Squires |
| 22:35 | Create | Battering Ram |
| 22:36 | Create | Battering Ram |
| 22:46 | Build | Siege Workshop |
| 22:55 | Create | Villager (Male) |
| 22:56 | Create | Villager (Male) |
| 22:58 | Research | Wheelbarrow |
| 23:00 | Create | Villager (Male) |
| 23:04 | Create | Monk |
| 23:18 | Create | Villager (Male) |
| 23:28 | Create | Monk |
| 23:29 | Create | Monk |
| 23:29 | Create | Monk |
| 23:29 | Create | Monk |
| 23:36 | Create | Battering Ram |
| 23:40 | Create | Militia |
| 23:40 | Create | Militia |
| 23:41 | Create | Militia |
| 23:58 | Build | Farm |
| 24:02 | Research | Bow Saw |
| 24:16 | Build | Lumber Camp |
| 24:24 | Create | Villager (Male) |
| 24:29 | Create | Scorpion |
| 25:12 | Create | Militia |
| 25:23 | Create | Villager (Male) |
| 25:23 | Create | Villager (Male) |
| 25:28 | Create | Villager (Male) |
| 25:42 | Build | Town Center |
Build order — noah!!!!!!!!!!
First 150 of 212 actions detected
| 0:00 | Create | Villager (Male) |
| 0:00 | Create | Villager (Male) |
| 0:01 | Create | Villager (Male) |
| 0:01 | Create | Villager (Male) |
| 0:02 | Build | House |
| 0:04 | Build | House |
| 1:27 | Create | Villager (Male) |
| 2:03 | Create | Villager (Male) |
| 2:19 | Build | Palisade Gate |
| 2:23 | Create | Villager (Male) |
| 2:30 | Build | Palisade Gate |
| 2:37 | Build | Palisade Gate |
| 2:43 | Build | Palisade Gate |
| 2:45 | Create | Villager (Male) |
| 2:52 | Build | Palisade Wall |
| 3:07 | Build | House |
| 3:08 | Build | House |
| 3:11 | Create | Villager (Male) |
| 3:26 | Create | Villager (Male) |
| 3:47 | Create | Villager (Male) |
| 3:55 | Build | House |
| 4:19 | Create | Villager (Male) |
| 4:34 | Create | Villager (Male) |
| 4:48 | Build | Lumber Camp |
| 5:02 | Create | Villager (Male) |
| 5:38 | Create | Villager (Male) |
| 5:46 | Create | Villager (Male) |
| 5:59 | Create | Villager (Male) |
| 6:01 | Build | Mill |
| 6:18 | Create | Villager (Male) |
| 6:26 | Create | Villager (Male) |
| 7:00 | Create | Villager (Male) |
| 7:16 | Create | Villager (Male) |
| 7:16 | Create | Villager (Male) |
| 7:18 | Create | Villager (Male) |
| 7:24 | Create | Villager (Male) |
| 7:31 | Create | Villager (Male) |
| 7:31 | Create | Villager (Male) |
| 7:38 | Build | Lumber Camp |
| 7:44 | Build | Farm |
| 8:11 | Build | Farm |
| 8:23 | Create | Villager (Male) |
| 8:28 | Build | Farm |
| 9:00 | Research | Feudal Age |
| 9:10 | Build | Mining Camp |
| 9:27 | Create | Villager (Male) |
| 9:36 | Research | Loom |
| 9:47 | Build | Barracks |
| 9:48 | Build | Palisade Wall |
| 10:05 | Create | Villager (Male) |
| 10:13 | Build | Palisade Wall |
| 10:14 | Build | Palisade Wall |
| 10:23 | Create | Villager (Male) |
| 10:44 | Build | House |
| 11:20 | Age | Feudal Age |
| 11:27 | Build | Blacksmith |
| 11:35 | Build | Stable |
| 11:39 | Build | Stone Wall |
| 11:45 | Create | Villager (Male) |
| 11:49 | Create | Villager (Male) |
| 12:26 | Research | Castle Age |
| 12:42 | Build | Stone Wall |
| 12:47 | Research | Double-Bit Axe |
| 13:19 | Research | Horse Collar |
| 13:52 | Create | Villager (Male) |
| 13:57 | Build | Farm |
| 14:00 | Build | Farm |
| 14:16 | Build | Stone Wall |
| 14:19 | Build | Stone Wall |
| 15:04 | Create | Villager (Male) |
| 15:10 | Age | Castle Age |
| 15:14 | Build | Siege Workshop |
| 15:16 | Create | Villager (Male) |
| 15:19 | Build | Town Center |
| 15:31 | Build | Stone Wall |
| 15:33 | Research | Bow Saw |
| 15:33 | Research | Bow Saw |
| 15:44 | Create | Villager (Male) |
| 15:48 | Create | Mangonel |
| 16:22 | Create | Villager (Male) |
| 16:30 | Build | House |
| 16:31 | Create | Villager (Male) |
| 16:38 | Create | Mangonel |
| 16:41 | Create | Villager (Male) |
| 16:48 | Build | Farm |
| 17:01 | Build | Farm |
| 17:04 | Create | Villager (Male) |
| 17:12 | Create | Villager (Male) |
| 17:21 | Build | House |
| 17:38 | Create | Villager (Male) |
| 17:42 | Build | Farm |
| 17:43 | Build | Farm |
| 17:43 | Build | Farm |
| 17:47 | Build | Farm |
| 17:54 | Build | Farm |
| 18:07 | Create | Villager (Male) |
| 18:07 | Create | Villager (Male) |
| 18:11 | Build | Market |
| 18:14 | Build | Farm |
| 18:20 | Build | Farm |
| 18:27 | Build | Farm |
| 18:38 | Build | Farm |
| 18:38 | Create | Villager (Male) |
| 18:39 | Create | Villager (Male) |
| 18:40 | Create | Villager (Male) |
| 18:54 | Build | Farm |
| 18:56 | Build | Farm |
| 18:59 | Create | Villager (Male) |
| 18:59 | Create | Villager (Male) |
| 18:59 | Create | Villager (Male) |
| 19:05 | Create | Villager (Male) |
| 19:09 | Create | Villager (Male) |
| 19:10 | Create | Villager (Male) |
| 19:16 | Create | Villager (Male) |
| 19:17 | Create | Villager (Male) |
| 19:21 | Build | Town Center |
| 19:35 | Create | Villager (Male) |
| 19:42 | Build | Monastery |
| 19:42 | Create | Villager (Male) |
| 19:51 | Build | Farm |
| 19:52 | Build | Farm |
| 19:56 | Create | Villager (Male) |
| 20:00 | Build | House |
| 20:01 | Create | Villager (Male) |
| 20:04 | Build | House |
| 20:05 | Build | House |
| 20:06 | Build | House |
| 20:08 | Research | Wheelbarrow |
| 20:10 | Create | Villager (Male) |
| 20:17 | Create | Scout Cavalry |
| 20:23 | Build | Farm |
| 20:28 | Create | Villager (Male) |
| 20:30 | Build | Farm |
| 20:33 | Create | Villager (Male) |
| 20:42 | Create | Monk |
| 20:46 | Create | Scout Cavalry |
| 20:46 | Create | Villager (Male) |
| 20:51 | Build | Farm |
| 20:54 | Build | Farm |
| 20:55 | Create | Villager (Male) |
| 21:07 | Create | Villager (Male) |
| 21:11 | Create | Villager (Male) |
| 21:13 | Build | Farm |
| 21:17 | Build | Farm |
| 21:21 | Create | Villager (Male) |
| 21:23 | Create | Monk |
| 21:27 | Build | Farm |
| 21:28 | Build | Farm |
| 21:29 | Create | Villager (Male) |
| 21:42 | Build | House |
Match timeline
| 2:52 | noah!!!!!!!!!! · wall_segment Palisade Wall x1 |
| 5:16 | Javisty · first_building Barracks |
| 9:26 | Javisty · age_up feudal |
| 9:47 | noah!!!!!!!!!! · first_building Barracks |
| 9:48 | noah!!!!!!!!!! · wall_segment Palisade Wall x1 |
| 10:13 | noah!!!!!!!!!! · wall_segment Palisade Wall x1 |
| 10:14 | noah!!!!!!!!!! · wall_segment Palisade Wall x1 |
| 11:20 | noah!!!!!!!!!! · age_up feudal |
| 11:35 | noah!!!!!!!!!! · first_building Stable |
| 11:39 | noah!!!!!!!!!! · wall_segment Stone Wall x1 |
| 12:42 | noah!!!!!!!!!! · wall_segment Stone Wall x1 |
| 14:16 | noah!!!!!!!!!! · wall_segment Stone Wall x1 |
| 14:19 | noah!!!!!!!!!! · wall_segment Stone Wall x1 |
| 15:10 | noah!!!!!!!!!! · age_up castle |
| 15:14 | noah!!!!!!!!!! · first_building Siege Workshop |
| 15:31 | noah!!!!!!!!!! · wall_segment Stone Wall x1 |
| 17:19 | Javisty · first_building Stable |
| 17:20 | Javisty · wall_segment Palisade Wall x1 |
| 17:53 | Javisty · wall_segment Palisade Wall x1 |
| 17:55 | Javisty · wall_segment Palisade Wall x1 |
| 17:57 | Javisty · wall_segment Palisade Wall x1 |
| 18:57 | noah!!!!!!!!!! · first_market_buy 100 food |
| 19:42 | noah!!!!!!!!!! · first_building Monastery |
| 20:42 | noah!!!!!!!!!! · first_market_sell 100 wood |
| 20:53 | Javisty · age_up castle |
| 20:59 | Javisty · first_building Krepost |
| 21:16 | Javisty · first_building Monastery |
| 22:12 | Javisty · first_building Siege Workshop |
| 22:29 | noah!!!!!!!!!! · wall_segment Stone Wall x1 |
| 23:17 | noah!!!!!!!!!! · wall_segment Stone Wall x6 |
| 25:50 | Javisty · resign |
[ AI ANALYSIS · 1 CREDIT ]
What really happened in this match?
Wolo.gg analyzes every decision: build order, eco, micro, common mistakes by bracket. Personalized analysis on WhatsApp or Discord in 30 seconds.
Civ guide
Bulgarians
Map guide
Arena
Perfil
Jugador #392423